Rangers vs Kings

Created - November 24, 2023 at 19:05

Goals
1 2 3 T
Rangers 0 2 0 2
Kings 0 2 2 4
Shots
1 2 3 T
Rangers 11 16 3 30
Kings 9 10 9 28

1st period

No Goal

Penalties :
T.J Galiardi (NyR) for High sticking (Minor) at 9:30, Nikita Kucherov (L.A) for Boarding (Minor) at 16:01

2nd period

1. Rangers , Milan Lucic 8 (Jake McCabe 4) at 5:30 (PP)
2. Rangers , Richard Panik 3 (Jake McCabe 5, Frederik Andersen) at 9:14
3. Kings , Nikita Kucherov 5 (Brayden Schenn 4, Mitch Marner 8) at 14:26
4. Kings , Ryan Getzlaf 1 (Jared Cowen 4) at 15:42

Penalties :
Matthew Tkachuk (L.A) for Tripping (Minor) at 4:39

3rd period

5. Kings , Mitch Marner 5 (Quinn Hughes 4, Nikita Kucherov 10) at 13:52 (PP)
6. Kings , Brayden Schenn 6 (Philip Samuelsson 5) at 19:00 (Empty Net)

Penalties :
Quinn Hughes (L.A) for Roughing (Minor) at 2:23, Chris Mcallister (NyR) for High sticking (Minor) at 8:04, Richard Panik (NyR) for Tripping (Minor) at 13:39

Goalie Stats

Frederik Andersen (NyR), 24 saves from 27 shots - (0.889), L, 5-5-0, 59:48 minutes
Carter Hutton (L.A), 28 saves from 30 shots - (0.933), W, 2-0-0, 60:00 minutes

Players Stats for Rangers

Player Name              G  A  P  +/- PIM S  H  SB GA TA FO     MP     PP MP  PK MP  
------------------------------------------------------------------------------------
Cale Makar               0  0  0  -1  0   3  0  0  2  0  0/0    24:31   2:24   0:00 
Chris Mcallister         0  0  0  -1  2   1  1  1  0  1  0/0     9:16   0:04   0:50 
Devante Smith-Pelly      0  0  0   0  0   1  1  0  0  0  1/2    17:16   2:10   0:00 
Dmitry Kulikov           0  0  0  -1  0   1  2  3  1  0  0/0    15:58   0:04   2:46 
Henrik Samuelsson        0  0  0   0  0   3  1  0  0  0  3/7    13:14   0:00   0:44 
Jake McCabe              0  2  2   0  0   0  0  2  1  1  0/0    22:51   2:25   1:25 
Magnus Paajarvi          0  0  0   0  0   0  1  1  0  1  0/0    12:58   0:00   0:28 
Mikhail Sergachev        0  0  0   0  0   2  1  2  0  0  0/0    20:02   2:25   1:25 
Milan Lucic              1  0  1  -2  0   5  4  0  0  0  0/2    20:23   2:35   2:11 
Ondrej Palat             0  0  0   1  0   5  2  0  2  0  0/0    17:11   2:10   0:00 
Patrik Nemeth            0  0  0  -1  0   0  0  1  0  0  0/0    15:27   0:00   2:46 
Richard Panik            1  0  1   0  2   2  2  0  0  0  0/1    12:28   0:04   0:00 
Ryan Strome              0  0  0  -1  0   0  0  0  2  0  1/1    19:24   2:35   1:17 
Sean Couturier           0  0  0  -2  0   2  4  0  0  1  15/34  20:25   2:35   2:13 
Seth Griffith            0  0  0  -1  0   0  0  0  1  0  2/4     7:25   0:00   0:00 
T.J Galiardi             0  0  0  -1  2   0  1  0  0  0  0/0     8:04   0:00   0:39 
Tomas Hertl              0  0  0   1  0   4  0  0  0  0  6/9    17:11   2:10   0:00 
Vince Dunn               0  0  0  -1  0   1  0  0  0  1  0/0    21:42   2:24   0:00 

Players Stats for Kings

Player Name              G  A  P  +/- PIM S  H  SB GA TA FO     MP     PP MP  PK MP  
------------------------------------------------------------------------------------
Aaron Ekblad             0  0  0   1  0   3  0  0  1  1  0/0    21:46   1:23   1:58 
Adam Fox                 0  0  0   1  0   4  2  4  0  1  0/0    19:27   2:45   0:00 
Auston Matthews          0  0  0   0  0   2  2  1  0  0  8/15   17:37   2:19   0:00 
Brayden Schenn           1  1  2   2  0   2  0  0  1  0  14/23  16:57   1:42   0:34 
Chris Kreider            0  0  0   1  0   1  1  0  1  1  0/1    20:41   1:26   2:55 
Jared Cowen              0  1  1   1  0   0  0  2  0  1  0/0    21:48   0:03   2:51 
Joe Pavelski             0  0  0  -1  0   1  3  1  0  1  5/6    16:02   0:10   2:46 
Marc Staal               0  0  0   0  0   1  1  1  0  0  0/0    18:25   0:00   2:51 
Matthew Tkachuk          0  0  0   1  2   1  1  1  0  1  0/0    17:21   1:42   0:00 
Mitch Marner             1  1  2   1  0   2  1  0  1  0  0/1    16:34   2:19   0:00 
Nikita Kucherov          1  1  2   1  2   4  3  0  1  1  1/1    16:43   2:29   0:00 
Pavel Zacha              0  0  0  -1  0   0  1  0  0  0  0/2    15:16   1:42   0:11 
Philip Samuelsson        0  1  1   1  0   0  4  1  0  0  0/0    19:05   0:00   1:58 
Pierre-Edouard Bellemare 0  0  0  -1  0   0  3  0  0  0  2/8    15:44   0:00   1:36 
Quinn Hughes             0  1  1   0  2   4  0  1  0  2  0/0    18:07   2:45   0:00 
Ryan Getzlaf             1  0  1   1  0   1  0  0  0  0  2/3     6:57   0:00   0:00 
Sean Bergenheim          0  0  0   1  0   0  0  1  0  0  0/0     7:07   0:10   0:00 
Zac Rinaldo              0  0  0   1  0   2  1  0  0  0  0/0     9:31   0:00   1:36 

3 Stars

1 - Brayden Schenn (L.A)
2 - Mitch Marner (L.A)
3 - Nikita Kucherov (L.A)

Power Play

Rangers - 1 on 3 Attempt(s) - 33.33%
Kings - 1 on 3 Attempt(s) - 33.33%

Penalty Kill

Rangers - 2 on 3 Attempt(s) - 66.67% - Score 0 goal in Penalty Kill
Kings - 2 on 3 Attempt(s) - 66.67% - Score 0 goal in Penalty Kill

Team Stat

Rangers - Hits : 20 - Faceoff Wins : 28 - Blocked Shots : 10 - Penalty Minutes : 6
Kings - Hits : 23 - Faceoff Wins : 32 - Blocked Shots : 13 - Penalty Minutes : 6

Official

Referees : Francois St. Laurent and Mitch Dunning
Linesman : Julien Fournier and Bryan Pancich

Game Notes

Brayden Schenn has scored in a empty net!

Finance

Level 1 -- Attendance: 6000 (100.00%) -- Ticket Income $600,000
Level 2 -- Attendance: 5000 (100.00%) -- Ticket Income $300,000
Level 3 -- Attendance: 2000 (100.00%) -- Ticket Income $70,000
Level 4 -- Attendance: 3634 (90.85%) -- Ticket Income $90,850
Luxury Box -- Attendance: 993 (99.30%) -- Ticket Income $198,600
Game was played at the Staples Center.
Total Attendance: 17627 (97.93%)
Total Ticket Income: $1,259,450
Other Income: $188,918
Total Income: $1,448,368

Rangers

5 vs 5 Forward 
   Center                   Left Wing                Right Wing               Time % Phy DF OF 
 1 Sean Couturier           Milan Lucic              Ryan Strome              40     1   2  2  
 2 Tomas Hertl              Ondrej Palat             Devante Smith-Pelly      30     1   2  2  
 3 Henrik Samuelsson        Magnus Paajarvi          Richard Panik            20     1   2  2  
 4 Seth Griffith            T.J Galiardi             Chris Mcallister         10     1   2  2  

5 vs 5 Defense 
   Defense                  Defense                                           Time % Phy DF OF 
 1 Cale Makar               Vince Dunn                                        40     1   2  2  
 2 Jake McCabe              Mikhail Sergachev                                 30     1   2  2  
 3 Dmitry Kulikov           Patrik Nemeth                                     20     1   2  2  
 4 Cale Makar               Jake McCabe                                       10     1   2  2  

PowerPlay Forward 
   Center                   Left Wing                Right Wing               Time % Phy DF OF 
 1 Sean Couturier           Milan Lucic              Ryan Strome              60     1   2  2  
 2 Tomas Hertl              Ondrej Palat             Devante Smith-Pelly      40     1   2  2  

PowerPlay Defense
   Defense                  Defense                                           Time % Phy DF OF 
 1 Cale Makar               Vince Dunn                                        60     1   2  2  
 2 Jake McCabe              Mikhail Sergachev                                 40     1   2  2  

Penalty Kill 4 Players Forward 
   Center                   Wing                     Time % Phy DF OF 
 1 Sean Couturier           Milan Lucic              60     1   2  2  
 2 T.J Galiardi             Chris Mcallister         40     1   2  2  

Penalty Kill 4 Players Defense
   Defense                  Defense                  Time % Phy DF OF 
 1 Dmitry Kulikov           Patrik Nemeth            60     1   2  2  
 2 Jake McCabe              Mikhail Sergachev        40     1   2  2  

Penalty Kill - 3 Players Forward 
   Forward                                           Time % Phy DF OF 
 1 Sean Couturier                                    60     1   2  2  
 2 Chris Mcallister                                  40     1   2  2  

Penalty Kill - 3 Players Defense
   Defense                  Defense                  Time % Phy DF OF 
 1 Dmitry Kulikov           Patrik Nemeth            60     1   2  2  
 2 Jake McCabe              Mikhail Sergachev        40     1   2  2  

4 vs 4 Forward 
   Center                   Wing                     Time % Phy DF OF 
 1 Sean Couturier           Milan Lucic              60     1   2  2  
 2 Tomas Hertl              Ryan Strome              40     1   2  2  

4 vs 4 Defense
   Defense                  Defense                  Time % Phy DF OF 
 1 Cale Makar               Vince Dunn               60     1   2  2  
 2 Jake McCabe              Mikhail Sergachev        40     1   2  2  

Last Minutes Offensive
   Center                   Left Wing                Right Wing               Defense                  Defense                  
   Sean Couturier           Milan Lucic              Devante Smith-Pelly      Cale Makar               Vince Dunn               

Last Minutes Defensive
   Center                   Left Wing                Right Wing               Defense                  Defense                  
   Sean Couturier           Milan Lucic              Chris Mcallister         Jake McCabe              Dmitry Kulikov           

Goaltenders
Starting : Frederik Andersen        
Backup : Samuel Montembeault      

Extra Forwards
Normal : Ryan Strome, Richard Panik, Ondrej Palat - PP : Ryan Strome, Richard Panik - PK : Ryan Strome
Extra Defensemen
Normal : Vince Dunn, Mikhail Sergachev, Cale Makar - PP : Vince Dunn - PK : Vince Dunn, Mikhail Sergachev
Penalty Shots
Milan Lucic, Sean Couturier, Tomas Hertl, Devante Smith-Pelly, Ryan Strome
Custom OT Lines Forwards
Milan Lucic, Sean Couturier, Tomas Hertl, Devante Smith-Pelly, Ryan Strome, Richard Panik, Ondrej Palat, T.J Galiardi, Seth Griffith, Magnus Paajarvi
Custom OT Lines Defensemen
Jake McCabe, Dmitry Kulikov, Cale Makar, Vince Dunn, Mikhail Sergachev

Scratches
Derrick Pouliot (Healthy), Maxime Sauvé (Healthy), Stefan Noesen (Healthy)

Kings

5 vs 5 Forward 
   Center                   Left Wing                Right Wing               Time % Phy DF OF 
 1 Brayden Schenn           Nikita Kucherov          Mitch Marner             35     0   1  4  
 2 Auston Matthews          Chris Kreider            Matthew Tkachuk          35     1   1  3  
 3 Pierre-Edouard Bellemare Pavel Zacha              Joe Pavelski             29     1   2  2  
 4 Ryan Getzlaf             Zac Rinaldo              Sean Bergenheim          1      3   2  0  

5 vs 5 Defense 
   Defense                  Defense                                           Time % Phy DF OF 
 1 Philip Samuelsson        Aaron Ekblad                                      35     1   3  1  
 2 Jared Cowen              Adam Fox                                          35     1   2  2  
 3 Marc Staal               Quinn Hughes                                      30     1   2  2  
 4 Quinn Hughes             Jared Cowen                                       0      1   2  2  

PowerPlay Forward 
   Center                   Left Wing                Right Wing               Time % Phy DF OF 
 1 Auston Matthews          Nikita Kucherov          Mitch Marner             60     0   0  5  
 2 Brayden Schenn           Pavel Zacha              Matthew Tkachuk          40     0   0  5  

PowerPlay Defense
   Defense                  Defense                                           Time % Phy DF OF 
 1 Quinn Hughes             Adam Fox                                          70     0   1  4  
 2 Aaron Ekblad             Chris Kreider                                     30     0   1  4  

Penalty Kill 4 Players Forward 
   Center                   Wing                     Time % Phy DF OF 
 1 Joe Pavelski             Chris Kreider            60     1   2  2  
 2 Pierre-Edouard Bellemare Zac Rinaldo              40     1   2  2  

Penalty Kill 4 Players Defense
   Defense                  Defense                  Time % Phy DF OF 
 1 Marc Staal               Jared Cowen              60     1   2  2  
 2 Philip Samuelsson        Aaron Ekblad             40     1   2  2  

Penalty Kill - 3 Players Forward 
   Forward                                           Time % Phy DF OF 
 1 Pierre-Edouard Bellemare                          60     1   2  2  
 2 Joe Pavelski                                      40     1   2  2  

Penalty Kill - 3 Players Defense
   Defense                  Defense                  Time % Phy DF OF 
 1 Marc Staal               Jared Cowen              60     1   2  2  
 2 Philip Samuelsson        Aaron Ekblad             40     1   2  2  

4 vs 4 Forward 
   Center                   Wing                     Time % Phy DF OF 
 1 Brayden Schenn           Nikita Kucherov          60     1   2  2  
 2 Auston Matthews          Chris Kreider            40     1   2  2  

4 vs 4 Defense
   Defense                  Defense                  Time % Phy DF OF 
 1 Aaron Ekblad             Philip Samuelsson        60     1   2  2  
 2 Jared Cowen              Adam Fox                 40     1   2  2  

Last Minutes Offensive
   Center                   Left Wing                Right Wing               Defense                  Defense                  
   Brayden Schenn           Chris Kreider            Nikita Kucherov          Aaron Ekblad             Adam Fox                 

Last Minutes Defensive
   Center                   Left Wing                Right Wing               Defense                  Defense                  
   Brayden Schenn           Chris Kreider            Matthew Tkachuk          Marc Staal               Jared Cowen              

Goaltenders
Starting : Carter Hutton            
Backup : Alexandar Georgiev       

Extra Forwards
Normal : Pierre-Edouard Bellemare, Brayden Schenn, Auston Matthews - PP : Joe Pavelski, Sean Bergenheim - PK : Brayden Schenn
Extra Defensemen
Normal : Aaron Ekblad, Jared Cowen, Marc Staal - PP : Jared Cowen - PK : Quinn Hughes, Adam Fox
Penalty Shots
Nikita Kucherov, Auston Matthews, Chris Kreider, Brayden Schenn, Pavel Zacha
Custom OT Lines Forwards
Chris Kreider, Nikita Kucherov, Brayden Schenn, Auston Matthews, Joe Pavelski, Sean Bergenheim, Pierre-Edouard Bellemare, Mitch Marner, Pavel Zacha, Matthew Tkachuk
Custom OT Lines Defensemen
Aaron Ekblad, Jared Cowen, Philip Samuelsson, Marc Staal, Adam Fox

Scratches
Jared Spurgeon (Healthy), Tanner Richard (Healthy)

% Time on Ice - Rangers

Lines # - Real PCT - Wanted PCT - Time Play
Normal Forward
1 - 32% - 40% - 16:31
2 - 29% - 30% - 15:01
3 - 24% - 20% - 11:58
4 - 15% - 10% - 7:25
Normal Defense
1 - 40% - 40% - 20:11
2 - 32% - 30% - 16:12
3 - 23% - 20% - 11:43
4 - 6% - 10% - 2:49
PP Forward
1 - 55% - 60% - 2:39
2 - 45% - 40% - 2:10
PP Defense
1 - 50% - 60% - 2:24
2 - 50% - 40% - 2:25
PK Forward
1 - 75% - 60% - 3:08
2 - 25% - 40% - 1:03
PK Defense
1 - 66% - 60% - 2:46
2 - 34% - 40% - 1:25
PK3 Forward
1 - 0% - 60%
2 - 0% - 40%
PK3 Defense
1 - 0% - 60%
2 - 0% - 40%
44 Forward
1 - 0% - 60%
2 - 0% - 40%
44 Defense
1 - 0% - 60%
2 - 0% - 40%
Last Minute Offensive  - 0:05
Last Minute Defensive  - 0:00
Total
Forward - 60:00
Defense - 60:00

% Time on Ice - Kings

Lines # - Real PCT - Wanted PCT - Time Play
Normal Forward
1 - 28% - 35% - 14:15
2 - 33% - 35% - 16:33
3 - 26% - 29% - 13:06
4 - 14% - 1% - 6:57
Normal Defense
1 - 36% - 35% - 18:20
2 - 34% - 35% - 17:28
3 - 30% - 30% - 15:03
4 - 0% - 0% - 0:00
PP Forward
1 - 59% - 60% - 2:29
2 - 41% - 40% - 1:42
PP Defense
1 - 66% - 70% - 2:45
2 - 34% - 30% - 1:26
PK Forward
1 - 67% - 60% - 3:13
2 - 33% - 40% - 1:36
PK Defense
1 - 59% - 60% - 2:51
2 - 41% - 40% - 1:58
PK3 Forward
1 - 0% - 60%
2 - 0% - 40%
PK3 Defense
1 - 0% - 60%
2 - 0% - 40%
44 Forward
1 - 0% - 60%
2 - 0% - 40%
44 Defense
1 - 0% - 60%
2 - 0% - 40%
Last Minute Offensive  - 0:00
Last Minute Defensive  - 0:09
Total
Forward - 60:00
Defense - 60:00

Play-by-Play

1st period


0:01 of 1st period - Brayden Schenn wins face-off versus Sean Couturier in neutral zone.
0:04 of 1st period - Philip Samuelsson is hit by Sean Couturier and loses puck.
0:32 of 1st period - Wrist shot by Auston Matthews.
0:32 of 1st period - Shot Misses the Net.
0:52 of 1st period - Jake McCabe is hit by Pierre-Edouard Bellemare and loses puck.
1:21 of 1st period - Zac Rinaldo is hit by Dmitry Kulikov and loses puck.
1:54 of 1st period - Wrist shot by Auston Matthews.
1:54 of 1st period - Stopped by Frederik Andersen without a rebound.
1:55 of 1st period - Tomas Hertl wins face-off versus Auston Matthews in Rangers zone.
1:55 of 1st period - Tomas Hertl is hit by Marc Staal.
2:05 of 1st period - Slapshot by Cale Makar.
2:05 of 1st period - Stopped by Carter Hutton with a rebound.
2:07 of 1st period - Slapshot by Cale Makar.
2:07 of 1st period - Stopped by Carter Hutton without a rebound.
2:08 of 1st period - Sean Couturier wins face-off versus Pavel Zacha in Kings zone.
2:11 of 1st period - Snap shot by Sean Couturier.
2:11 of 1st period - Stopped by Carter Hutton with a rebound.
2:13 of 1st period - Slapshot by Sean Couturier.
2:13 of 1st period - Stopped by Carter Hutton without a rebound.
2:14 of 1st period - Pierre-Edouard Bellemare wins face-off versus Sean Couturier in Kings zone.
2:25 of 1st period - Slapshot by Milan Lucic.
2:25 of 1st period - Stopped by Carter Hutton with a rebound.
2:27 of 1st period - Slapshot by Cale Makar.
2:27 of 1st period - Stopped by Carter Hutton without a rebound.
2:28 of 1st period - Brayden Schenn wins face-off versus Henrik Samuelsson in Kings zone.
2:45 of 1st period - Slapshot by Cale Makar.
2:45 of 1st period - Shot Misses the Net.
3:18 of 1st period - Jake McCabe is hit by Philip Samuelsson and loses puck.
3:47 of 1st period - Slapshot by Marc Staal.
3:47 of 1st period - Shot Misses the Net.
3:49 of 1st period - Snap shot by Zac Rinaldo.
3:49 of 1st period - Stopped by Frederik Andersen without a rebound.
3:50 of 1st period - Tomas Hertl wins face-off versus Auston Matthews in Rangers zone.
4:25 of 1st period - Henrik Samuelsson is hit by Matthew Tkachuk and loses puck.
4:32 of 1st period - Slapshot by Quinn Hughes.
4:32 of 1st period - Stopped by Frederik Andersen without a rebound.
4:33 of 1st period - Brayden Schenn wins face-off versus Sean Couturier in Rangers zone.
5:28 of 1st period - Slapshot by Adam Fox.
5:28 of 1st period - Stopped by Frederik Andersen without a rebound.
5:29 of 1st period - Brayden Schenn wins face-off versus Sean Couturier in Rangers zone.
5:32 of 1st period - Wrist shot by Nikita Kucherov.
5:32 of 1st period - Shot Blocked by Dmitry Kulikov.
6:05 of 1st period - Wrist shot by Nikita Kucherov.
6:05 of 1st period - Shot Misses the Net.
6:07 of 1st period - Snap shot by Nikita Kucherov.
6:07 of 1st period - Shot Blocked by Dmitry Kulikov.
6:09 of 1st period - Slapshot by Marc Staal.
6:09 of 1st period - Shot Blocked by Chris Mcallister.
6:11 of 1st period - Slapshot by Marc Staal.
6:11 of 1st period - Shot Misses the Net.
6:13 of 1st period - Slapshot by Nikita Kucherov.
6:13 of 1st period - Stopped by Frederik Andersen with a rebound.
6:18 of 1st period - Icing by Dmitry Kulikov.
6:19 of 1st period - Seth Griffith wins face-off versus Pierre-Edouard Bellemare in Rangers zone.
7:12 of 1st period - Snap shot by Tomas Hertl.
7:12 of 1st period - Stopped by Carter Hutton with a rebound.
7:55 of 1st period - Backhand shot by Mitch Marner.
7:55 of 1st period - Shot Misses the Net.
7:57 of 1st period - Snap shot by Nikita Kucherov.
7:57 of 1st period - Stopped by Frederik Andersen with a rebound.
8:05 of 1st period - Wrist shot by Nikita Kucherov.
8:05 of 1st period - Stopped by Frederik Andersen without a rebound.
8:06 of 1st period - Auston Matthews wins face-off versus Devante Smith-Pelly in Rangers zone.
8:38 of 1st period - Jake McCabe is hit by Joe Pavelski and loses puck.
8:49 of 1st period - Wrist shot by Pierre-Edouard Bellemare.
8:49 of 1st period - Shot Blocked by Mikhail Sergachev.
9:11 of 1st period - Snap shot by Richard Panik.
9:11 of 1st period - Stopped by Carter Hutton with a rebound.
9:13 of 1st period - Snap shot by Richard Panik.
9:13 of 1st period - Shot Misses the Net.
9:30 of 1st period - Minor Penalty to T.J Galiardi for High sticking.
9:31 of 1st period - Sean Couturier wins face-off versus Auston Matthews in Rangers zone.
11:30 of 1st period - Penalty to T.J Galiardi is over, T.J Galiardi is back on ice.
11:59 of 1st period - Snap shot by Richard Panik.
11:59 of 1st period - Shot Blocked by Sean Bergenheim.
12:01 of 1st period - Snap shot by Henrik Samuelsson.
12:01 of 1st period - Deflect By Richard Panik.
12:01 of 1st period - Shot Misses the Net.
12:01 of 1st period - Puck is out of play.
12:02 of 1st period - Tomas Hertl wins face-off versus Ryan Getzlaf in Kings zone.
12:17 of 1st period - Vince Dunn is hit by Zac Rinaldo.
13:46 of 1st period - Snap shot by Chris Mcallister.
13:46 of 1st period - Stopped by Carter Hutton without a rebound.
13:47 of 1st period - Auston Matthews wins face-off versus Sean Couturier in Kings zone.
14:24 of 1st period - Wrist shot by Mitch Marner.
14:24 of 1st period - Stopped by Frederik Andersen without a rebound.
14:25 of 1st period - Tomas Hertl wins face-off versus Pavel Zacha in Rangers zone.
14:30 of 1st period - Wrist shot by Ondrej Palat.
14:30 of 1st period - Shot Blocked by Adam Fox.
14:32 of 1st period - Slapshot by Mikhail Sergachev.
14:32 of 1st period - Deflect By Adam Fox.
14:32 of 1st period - Stopped by Carter Hutton without a rebound.
14:33 of 1st period - Tomas Hertl wins face-off versus Pierre-Edouard Bellemare in Kings zone.
15:32 of 1st period - Snap shot by Ondrej Palat.
15:32 of 1st period - Stopped by Carter Hutton with a rebound.
15:34 of 1st period - Slapshot by Mikhail Sergachev.
15:34 of 1st period - Shot Blocked by Joe Pavelski.
15:36 of 1st period - Wrist shot by Devante Smith-Pelly.
15:36 of 1st period - Deflect By Pavel Zacha.
15:36 of 1st period - Shot Misses the Net.
15:36 of 1st period - Puck is out of play.
15:37 of 1st period - Auston Matthews wins face-off versus Sean Couturier in Kings zone.
16:01 of 1st period - Minor Penalty to Nikita Kucherov for Boarding.
16:02 of 1st period - Sean Couturier wins face-off versus Joe Pavelski in Kings zone.
16:14 of 1st period - Marc Staal is hit by Milan Lucic and loses puck.
18:01 of 1st period - Penalty to Nikita Kucherov is over, Nikita Kucherov is back on ice.
18:07 of 1st period - Brayden Schenn is hit by Dmitry Kulikov and loses puck.
18:14 of 1st period - Richard Panik is hit by Nikita Kucherov.
18:18 of 1st period - Jared Cowen is hit by Richard Panik and loses puck.
18:33 of 1st period - Henrik Samuelsson is hit by Philip Samuelsson and loses puck.
18:53 of 1st period - Adam Fox is hit by Chris Mcallister and loses puck.
19:14 of 1st period - Quinn Hughes is hit by Ondrej Palat and loses puck.
19:35 of 1st period - Snap shot by Brayden Schenn.
19:35 of 1st period - Stopped by Frederik Andersen with a rebound.
Goals for this period are 0 for Rangers vs 0 for Kings.
Shots for this period are 11 for Rangers vs 9 for Kings.

2nd period


0:01 of 2nd period - Sean Couturier wins face-off versus Auston Matthews in neutral zone.
0:08 of 2nd period - Cale Makar is hit by Philip Samuelsson and loses puck.
0:13 of 2nd period - Snap shot by Chris Kreider.
0:13 of 2nd period - Shot Misses the Net.
0:15 of 2nd period - Slapshot by Aaron Ekblad.
0:15 of 2nd period - Deflect By Matthew Tkachuk.
0:15 of 2nd period - Stopped by Frederik Andersen without a rebound.
0:16 of 2nd period - Devante Smith-Pelly wins face-off versus Brayden Schenn in Rangers zone.
0:22 of 2nd period - Cale Makar is hit by Adam Fox and loses puck.
0:29 of 2nd period - Backhand shot by Tomas Hertl.
0:29 of 2nd period - Stopped by Carter Hutton with a rebound.
0:31 of 2nd period - Slapshot by Vince Dunn.
0:31 of 2nd period - Deflect By Brayden Schenn.
0:31 of 2nd period - Stopped by Carter Hutton without a rebound.
0:32 of 2nd period - Sean Couturier wins face-off versus Auston Matthews in Kings zone.
0:42 of 2nd period - Off-side.
0:43 of 2nd period - Auston Matthews wins face-off versus Milan Lucic in neutral zone.
1:40 of 2nd period - Slapshot by Adam Fox.
1:40 of 2nd period - Stopped by Frederik Andersen with a rebound.
3:40 of 2nd period - Jared Cowen is hit by Sean Couturier and loses puck.
4:16 of 2nd period - Off-side.
4:17 of 2nd period - Seth Griffith wins face-off versus Auston Matthews in neutral zone.
4:39 of 2nd period - Minor Penalty to Matthew Tkachuk for Tripping.
4:40 of 2nd period - Joe Pavelski wins face-off versus Sean Couturier in Kings zone.
5:17 of 2nd period - Snap shot by Zac Rinaldo.
5:17 of 2nd period - Stopped by Frederik Andersen without a rebound.
5:18 of 2nd period - Sean Couturier wins face-off versus Pierre-Edouard Bellemare in Rangers zone.
5:23 of 2nd period - Philip Samuelsson is hit by Sean Couturier and loses puck.
5:28 of 2nd period - Slapshot by Milan Lucic.
5:28 of 2nd period - Stopped by Carter Hutton with a rebound.
5:30 of 2nd period - Snap shot by Milan Lucic.
5:30 of 2nd period - Goal by Milan Lucic - Rangers : 1 - Kings : 0.
5:31 of 2nd period - Brayden Schenn wins face-off versus Sean Couturier in neutral zone.
5:44 of 2nd period - Sean Couturier is hit by Adam Fox and loses puck.
6:00 of 2nd period - Off-side.
6:01 of 2nd period - Auston Matthews wins face-off versus Tomas Hertl in neutral zone.
6:06 of 2nd period - Wrist shot by Chris Kreider.
6:06 of 2nd period - Stopped by Frederik Andersen with a rebound.
6:12 of 2nd period - Snap shot by Tomas Hertl.
6:12 of 2nd period - Stopped by Carter Hutton with a rebound.
6:14 of 2nd period - Snap shot by Tomas Hertl.
6:14 of 2nd period - Shot Misses the Net.
6:16 of 2nd period - Slapshot by Devante Smith-Pelly.
6:16 of 2nd period - Shot Misses the Net.
6:26 of 2nd period - Snap shot by Tomas Hertl.
6:26 of 2nd period - Shot Blocked by Philip Samuelsson.
6:38 of 2nd period - Wrist shot by Chris Kreider.
6:38 of 2nd period - Shot Misses the Net.
6:40 of 2nd period - Slapshot by Aaron Ekblad.
6:40 of 2nd period - Stopped by Frederik Andersen without a rebound.
6:41 of 2nd period - Brayden Schenn wins face-off versus Sean Couturier in Rangers zone.
7:08 of 2nd period - Pavel Zacha is hit by Magnus Paajarvi and loses puck.
7:38 of 2nd period - Snap shot by T.J Galiardi.
7:38 of 2nd period - Shot Blocked by Jared Cowen.
8:20 of 2nd period - Slapshot by Milan Lucic.
8:20 of 2nd period - Stopped by Carter Hutton without a rebound.
8:21 of 2nd period - Brayden Schenn wins face-off versus Sean Couturier in Kings zone.
9:04 of 2nd period - Wrist shot by Chris Kreider.
9:04 of 2nd period - Shot Misses the Net.
9:14 of 2nd period - Snap shot by Richard Panik.
9:14 of 2nd period - Goal by Richard Panik - Rangers : 2 - Kings : 0.
9:15 of 2nd period - Brayden Schenn wins face-off versus Sean Couturier in neutral zone.
9:30 of 2nd period - Quinn Hughes is hit by Milan Lucic and loses puck.
9:51 of 2nd period - Wrist shot by Joe Pavelski.
9:51 of 2nd period - Shot Misses the Net.
10:05 of 2nd period - Snap shot by Henrik Samuelsson.
10:05 of 2nd period - Stopped by Carter Hutton without a rebound.
10:06 of 2nd period - Auston Matthews wins face-off versus Henrik Samuelsson in Kings zone.
10:11 of 2nd period - Wrist shot by Matthew Tkachuk.
10:11 of 2nd period - Shot Misses the Net.
10:23 of 2nd period - Snap shot by Richard Panik.
10:23 of 2nd period - Deflect By Magnus Paajarvi.
10:23 of 2nd period - Shot Blocked by Matthew Tkachuk.
10:23 of 2nd period - Puck is out of play.
10:24 of 2nd period - Brayden Schenn wins face-off versus Milan Lucic in Kings zone.
11:14 of 2nd period - Snap shot by Dmitry Kulikov.
11:14 of 2nd period - Stopped by Carter Hutton without a rebound.
11:15 of 2nd period - Auston Matthews wins face-off versus Henrik Samuelsson in Kings zone.
11:38 of 2nd period - Slapshot by Cale Makar.
11:38 of 2nd period - Deflect By Henrik Samuelsson.
11:38 of 2nd period - Stopped by Carter Hutton with a rebound.
11:40 of 2nd period - Wrist shot by Mikhail Sergachev.
11:40 of 2nd period - Stopped by Carter Hutton with a rebound.
11:42 of 2nd period - Slapshot by Jake McCabe.
11:42 of 2nd period - Shot Blocked by Adam Fox.
12:40 of 2nd period - Wrist shot by Richard Panik.
12:40 of 2nd period - Shot Blocked by Jared Cowen.
12:42 of 2nd period - Snap shot by Henrik Samuelsson.
12:42 of 2nd period - Stopped by Carter Hutton without a rebound.
12:43 of 2nd period - Brayden Schenn wins face-off versus Sean Couturier in Kings zone.
12:48 of 2nd period - Wrist shot by Milan Lucic.
12:48 of 2nd period - Shot Misses the Net.
13:19 of 2nd period - Snap shot by Ondrej Palat.
13:19 of 2nd period - Stopped by Carter Hutton with a rebound.
13:27 of 2nd period - Patrik Nemeth is hit by Joe Pavelski.
13:46 of 2nd period - Wrist shot by Pierre-Edouard Bellemare.
13:46 of 2nd period - Shot Misses the Net.
14:02 of 2nd period - Snap shot by Ondrej Palat.
14:02 of 2nd period - Stopped by Carter Hutton with a rebound.
14:04 of 2nd period - Snap shot by Ondrej Palat.
14:04 of 2nd period - Stopped by Carter Hutton without a rebound.
14:05 of 2nd period - Brayden Schenn wins face-off versus Sean Couturier in Kings zone.
14:10 of 2nd period - Slapshot by Aaron Ekblad.
14:10 of 2nd period - Deflect By Vince Dunn.
14:10 of 2nd period - Stopped by Frederik Andersen without a rebound.
14:11 of 2nd period - Sean Couturier wins face-off versus Brayden Schenn in Rangers zone.
14:26 of 2nd period - Wrist shot by Nikita Kucherov.
14:26 of 2nd period - Goal by Nikita Kucherov - Rangers : 2 - Kings : 1.
14:27 of 2nd period - Sean Couturier wins face-off versus Brayden Schenn in neutral zone.
14:44 of 2nd period - Brayden Schenn is hit by Milan Lucic and loses puck.
15:38 of 2nd period - Icing by Chris Mcallister.
15:39 of 2nd period - Ryan Getzlaf wins face-off versus Seth Griffith in Rangers zone.
15:42 of 2nd period - Wrist shot by Ryan Getzlaf.
15:42 of 2nd period - Goal by Ryan Getzlaf - Rangers : 2 - Kings : 2.
15:43 of 2nd period - Sean Couturier wins face-off versus Brayden Schenn in neutral zone.
15:46 of 2nd period - Jared Cowen is hit by Sean Couturier and loses puck.
16:32 of 2nd period - Magnus Paajarvi is hit by Chris Kreider and loses puck.
16:36 of 2nd period - Icing by Richard Panik.
16:37 of 2nd period - Henrik Samuelsson wins face-off versus Chris Kreider in Rangers zone.
16:52 of 2nd period - Wrist shot by Richard Panik.
16:52 of 2nd period - Shot Misses the Net.
17:35 of 2nd period - Snap shot by Chris Kreider.
17:35 of 2nd period - Shot Misses the Net.
17:37 of 2nd period - Slapshot by Aaron Ekblad.
17:37 of 2nd period - Stopped by Frederik Andersen with a rebound.
17:39 of 2nd period - Wrist shot by Auston Matthews.
17:39 of 2nd period - Shot Blocked by Patrik Nemeth.
17:41 of 2nd period - Slapshot by Auston Matthews.
17:41 of 2nd period - Shot Misses the Net.
17:43 of 2nd period - Snap shot by Matthew Tkachuk.
17:43 of 2nd period - Deflect By Chris Kreider.
17:43 of 2nd period - Shot Misses the Net.
17:43 of 2nd period - Puck is out of play.
17:44 of 2nd period - Nikita Kucherov wins face-off versus Sean Couturier in Rangers zone.
18:01 of 2nd period - Snap shot by Milan Lucic.
18:01 of 2nd period - Shot Hit the Post.
18:11 of 2nd period - Cale Makar is hit by Pierre-Edouard Bellemare and loses puck.
18:58 of 2nd period - Wrist shot by Milan Lucic.
18:58 of 2nd period - Shot Blocked by Quinn Hughes.
19:00 of 2nd period - Wrist shot by Milan Lucic.
19:00 of 2nd period - Stopped by Carter Hutton without a rebound.
19:01 of 2nd period - Sean Couturier wins face-off versus Brayden Schenn in Kings zone.
19:30 of 2nd period - Slapshot by Adam Fox.
19:30 of 2nd period - Stopped by Frederik Andersen with a rebound.
19:32 of 2nd period - Wrist shot by Pavel Zacha.
19:32 of 2nd period - Deflect By Patrik Nemeth.
19:32 of 2nd period - Shot Blocked by Dmitry Kulikov.
19:32 of 2nd period - Puck is out of play.
19:33 of 2nd period - Tomas Hertl wins face-off versus Brayden Schenn in Rangers zone.
19:33 of 2nd period - Tomas Hertl is hit by Nikita Kucherov.
Goals for this period are 2 for Rangers vs 2 for Kings.
Shots for this period are 16 for Rangers vs 10 for Kings.

3rd period


0:01 of 3rd period - Brayden Schenn wins face-off versus Sean Couturier in neutral zone.
0:28 of 3rd period - Slapshot by Adam Fox.
0:28 of 3rd period - Stopped by Frederik Andersen with a rebound.
1:12 of 3rd period - Slapshot by Quinn Hughes.
1:12 of 3rd period - Stopped by Frederik Andersen with a rebound.
1:20 of 3rd period - Wrist shot by Zac Rinaldo.
1:20 of 3rd period - Shot Blocked by Jake McCabe.
1:22 of 3rd period - Slapshot by Marc Staal.
1:22 of 3rd period - Stopped by Frederik Andersen with a rebound.
1:24 of 3rd period - Slapshot by Quinn Hughes.
1:24 of 3rd period - Deflect By Ryan Getzlaf.
1:24 of 3rd period - Shot Blocked by Jake McCabe.
1:24 of 3rd period - Puck is out of play.
1:25 of 3rd period - Sean Couturier wins face-off versus Brayden Schenn in Rangers zone.
2:16 of 3rd period - Wrist shot by Richard Panik.
2:16 of 3rd period - Shot Misses the Net.
2:18 of 3rd period - Snap shot by Henrik Samuelsson.
2:18 of 3rd period - Shot Blocked by Auston Matthews.
2:20 of 3rd period - Wrist shot by Mikhail Sergachev.
2:20 of 3rd period - Deflect By Richard Panik.
2:20 of 3rd period - Shot Blocked by Adam Fox.
2:20 of 3rd period - Puck is out of play.
2:21 of 3rd period - Henrik Samuelsson wins face-off versus Mitch Marner in Kings zone.
2:23 of 3rd period - Minor Penalty to Quinn Hughes for Roughing.
2:24 of 3rd period - Joe Pavelski wins face-off versus Sean Couturier in Kings zone.
2:57 of 3rd period - Icing by Cale Makar.
2:58 of 3rd period - Joe Pavelski wins face-off versus Tomas Hertl in Rangers zone.
3:38 of 3rd period - Snap shot by Tomas Hertl.
3:38 of 3rd period - Stopped by Carter Hutton without a rebound.
3:39 of 3rd period - Joe Pavelski wins face-off versus Sean Couturier in Kings zone.
4:16 of 3rd period - Off-side.
4:17 of 3rd period - Ryan Strome wins face-off versus Pierre-Edouard Bellemare in neutral zone.
4:23 of 3rd period - Penalty to Quinn Hughes is over, Quinn Hughes is back on ice.
4:46 of 3rd period - Slapshot by Patrik Nemeth.
4:46 of 3rd period - Shot Misses the Net.
4:56 of 3rd period - Slapshot by Quinn Hughes.
4:56 of 3rd period - Shot Misses the Net.
5:16 of 3rd period - Snap shot by Quinn Hughes.
5:16 of 3rd period - Shot Misses the Net.
5:18 of 3rd period - Snap shot by Zac Rinaldo.
5:18 of 3rd period - Shot Blocked by Magnus Paajarvi.
5:20 of 3rd period - Snap shot by Quinn Hughes.
5:20 of 3rd period - Deflect By Zac Rinaldo.
5:20 of 3rd period - Shot Misses the Net.
5:20 of 3rd period - Puck is out of play.
5:21 of 3rd period - Sean Couturier wins face-off versus Brayden Schenn in Rangers zone.
6:10 of 3rd period - Seth Griffith is hit by Philip Samuelsson and loses puck.
6:45 of 3rd period - Henrik Samuelsson is hit by Pavel Zacha and loses puck.
6:52 of 3rd period - Joe Pavelski is hit by Henrik Samuelsson.
7:46 of 3rd period - Off-side.
7:47 of 3rd period - Pierre-Edouard Bellemare wins face-off versus Seth Griffith in neutral zone.
8:04 of 3rd period - Minor Penalty to Chris Mcallister for High sticking.
8:05 of 3rd period - Sean Couturier wins face-off versus Auston Matthews in Rangers zone.
8:05 of 3rd period - Sean Couturier is hit by Mitch Marner.
8:17 of 3rd period - Snap shot by Nikita Kucherov.
8:17 of 3rd period - Shot Misses the Net.
8:19 of 3rd period - Wrist shot by Nikita Kucherov.
8:19 of 3rd period - Shot Misses the Net.
8:21 of 3rd period - Slapshot by Adam Fox.
8:21 of 3rd period - Shot Misses the Net.
8:55 of 3rd period - Mikhail Sergachev is hit by Auston Matthews and loses puck.
9:59 of 3rd period - Dmitry Kulikov is hit by Joe Pavelski and loses puck.
10:04 of 3rd period - Penalty to Chris Mcallister is over, Chris Mcallister is back on ice.
11:22 of 3rd period - Philip Samuelsson is hit by Milan Lucic and loses puck.
12:10 of 3rd period - Richard Panik is hit by Pierre-Edouard Bellemare.
12:54 of 3rd period - Wrist shot by Ryan Getzlaf.
12:54 of 3rd period - Shot Misses the Net.
12:56 of 3rd period - Slapshot by Quinn Hughes.
12:56 of 3rd period - Deflect By Chris Mcallister.
12:56 of 3rd period - Stopped by Frederik Andersen without a rebound.
12:57 of 3rd period - Ryan Getzlaf wins face-off versus Tomas Hertl in Rangers zone.
13:13 of 3rd period - Jared Cowen is hit by Devante Smith-Pelly and loses puck.
13:39 of 3rd period - Minor Penalty to Richard Panik for Tripping.
13:40 of 3rd period - Auston Matthews wins face-off versus Sean Couturier in Rangers zone.
13:52 of 3rd period - Backhand shot by Quinn Hughes.
13:52 of 3rd period - Deflect By Mitch Marner.
13:52 of 3rd period - Goal by Mitch Marner - Rangers : 2 - Kings : 3.
13:53 of 3rd period - Brayden Schenn wins face-off versus Sean Couturier in neutral zone.
14:07 of 3rd period - Slapshot by Cale Makar.
14:07 of 3rd period - Shot Misses the Net.
14:09 of 3rd period - Slapshot by Cale Makar.
14:09 of 3rd period - Shot Misses the Net.
14:46 of 3rd period - Wrist shot by T.J Galiardi.
14:46 of 3rd period - Shot Blocked by Adam Fox.
14:58 of 3rd period - T.J Galiardi is hit by Auston Matthews and loses puck.
15:07 of 3rd period - Auston Matthews is hit by T.J Galiardi and loses puck.
15:28 of 3rd period - Snap shot by Auston Matthews.
15:28 of 3rd period - Stopped by Frederik Andersen without a rebound.
15:29 of 3rd period - Sean Couturier wins face-off versus Pierre-Edouard Bellemare in Rangers zone.
16:06 of 3rd period - Snap shot by Nikita Kucherov.
16:06 of 3rd period - Deflect By Brayden Schenn.
16:06 of 3rd period - Shot Blocked by Mikhail Sergachev.
16:06 of 3rd period - Puck is out of play.
16:07 of 3rd period - Brayden Schenn wins face-off versus Henrik Samuelsson in Rangers zone.
16:21 of 3rd period - Off-side.
16:22 of 3rd period - Sean Couturier wins face-off versus Pierre-Edouard Bellemare in neutral zone.
16:33 of 3rd period - Wrist shot by Milan Lucic.
16:33 of 3rd period - Shot Blocked by Marc Staal.
16:39 of 3rd period - Slapshot by Quinn Hughes.
16:39 of 3rd period - Stopped by Frederik Andersen without a rebound.
16:40 of 3rd period - Henrik Samuelsson wins face-off versus Brayden Schenn in Rangers zone.
16:40 of 3rd period - Henrik Samuelsson is hit by Nikita Kucherov.
17:34 of 3rd period - Slapshot by Devante Smith-Pelly.
17:34 of 3rd period - Stopped by Carter Hutton with a rebound.
17:36 of 3rd period - Snap shot by Devante Smith-Pelly.
17:36 of 3rd period - Shot Misses the Net.
18:07 of 3rd period - Jared Cowen is hit by Richard Panik and loses puck.
18:30 of 3rd period - Wrist shot by Pavel Zacha.
18:30 of 3rd period - Deflect By Joe Pavelski.
18:30 of 3rd period - Stopped by Frederik Andersen with a rebound.
18:48 of 3rd period - Rangers, Frederik Andersen is pulled from the net.
19:00 of 3rd period - Backhand shot by Brayden Schenn.
19:00 of 3rd period - Goal by Brayden Schenn - Rangers : 2 - Kings : 4.
19:00 of 3rd period - Frederik Andersen from Rangers was sent back in the game.
19:01 of 3rd period - Joe Pavelski wins face-off versus Richard Panik in neutral zone.
19:28 of 3rd period - Marc Staal is hit by Ondrej Palat and loses puck.
19:41 of 3rd period - Snap shot by Ondrej Palat.
19:41 of 3rd period - Stopped by Carter Hutton with a rebound.
19:59 of 3rd period - Pierre-Edouard Bellemare is hit by Mikhail Sergachev and loses puck.
Goals for this period are 0 for Rangers vs 2 for Kings.
Shots for this period are 3 for Rangers vs 9 for Kings.